 Dungeon Crawl Stone Soup version 0.29.1-4-g47bece8355 (webtiles) character file.

Game seed: 14630717167607660983

113 leafyfresh the Ducker (level 5, -7/35 HPs)
             Began as a Djinni Ice Elementalist on Dec 4, 2022.
             Mangled by Edmund
             ... wielding a +2 flail of protection
              (11 damage)
             ... on level 4 of the Dungeon.
             The game lasted 00:06:53 (4538 turns).

leafyfresh the Ducker (Djinni Ice Elementalist)     Turns: 4538, Time: 00:06:53

Health: -7/35      AC:  8    Str:  7    XL:     5   Next: 17%
Gold:   205        EV: 13    Int: 19    God:
                   SH:  0    Dex: 13

rFire   + + +      SeeInvis .   o - +0 scimitar
rCold   x . .      Faith    .   (no shield)
rNeg    . . .      Spirit   .   a - +0 robe
rPois   ∞          Reflect  .   (no helmet)
rElec   .          Harm     .   (no cloak)
rCorr   .          Rampage  .   (no gloves)
Will    .....                   (boots unavailable)
Stlth   ++........              (no amulet)
HPRegen 0.11/turn               m - ring of protection from fire
MPRegen 0.00/turn               (no ring)

@: brilliant, ice-armoured, flying
A: sickness immunity, fire resistance 2, cold vulnerability 1, float, innate
caster, HP casting, extra vitality 1
a: no special abilities


You were on level 4 of the Dungeon.
You visited 1 branch of the dungeon, and saw 4 of its levels.

You collected 205 gold pieces.

Inventory:

Hand Weapons
 f - a +0 whip
 o - a +0 scimitar (weapon)
Armour
 a - a +0 robe (worn)
Jewellery
 m - a ring of protection from fire (left hand)
Scrolls
 d - a scroll of teleportation
 j - 2 scrolls of enchant weapon
 k - a scroll of blinking {unknown}
 l - 2 scrolls of vulnerability {unknown}
 n - a scroll of acquirement {unknown}
 p - a scroll of fear {unknown}
 q - a scroll of brand weapon {unknown}
Potions
 c - a potion of curing {unknown}
 e - a potion of haste {unknown}
 g - a potion of brilliance
 h - a potion of heal wounds {unknown}
 i - a potion of cancellation {unknown}
 r - 2 potions of degeneration {unknown}


   Skills:
 + Level 4.1 Dodging
 - Level 1.6 Stealth
 + Level 4.1 Spellcasting


You couldn't memorise any spells.
You knew the following spells:

 Your Spells              Type           Power      Damage    Failure   Level
a - Freeze                Ice            100%       1d11      2%          1
b - Frozen Ramparts       Ice            58%        1d9       8%          3
c - Ozocubu's Armour      Ice            29%        N/A       8%          3
d - Hailstorm             Conj/Ice       29%        3d8       26%         4
e - Necrotise             Necr           100%       1d9       2%          1
f - Searing Ray           Conj           58%        2d6       3%          2
Your spell library was empty.

Dungeon Overview and Level Annotations

Branches:
Dungeon (4/15)
 Temple: D:4-7

Altars:
Hepliaklqana
Okawaru

Shops:
D:3 (

Annotations:
D:4 Edmund


Innate Abilities, Weirdness & Mutations

You are immune to sickness and miasma.
You are immune to poison.
Your flesh is very heat resistant. (rF++)
You are vulnerable to cold. (rC-)
You float through the air rather than walking.
You learn spells naturally, not from books.
Your magical power is your life essence.
You have superior vitality. (+4 MHP)


Message History

Confirm with . or Enter, or press ? or * to list all spells.
Aiming: Freeze (safe; 2% risk of failure)
Press: ? - help, Shift-Dir - straight line, f/p - Edmund
Aim: Edmund, wielding a +2 flail of protection and wearing a +0 leather armour (moderately wounded)
You freeze Edmund.
Edmund is moderately wounded.
* * * LOW HITPOINT WARNING * * *
The wall freezes Edmund but does no damage.
Edmund closely misses you.
Casting: Freeze (safe; 2% risk of failure)
Confirm with . or Enter, or press ? or * to list all spells.
Aiming: Freeze (safe; 2% risk of failure)
Press: ? - help, Shift-Dir - straight line, f/p - Edmund
Aim: Edmund, wielding a +2 flail of protection and wearing a +0 leather armour (moderately wounded)
You freeze Edmund!
Edmund is heavily wounded.
* * * LOW HITPOINT WARNING * * *
The wall freezes Edmund.
Edmund says, "People accused me of being a cutpurse!"
Edmund barely misses you.
Casting: Freeze (safe; 2% risk of failure)
Confirm with . or Enter, or press ? or * to list all spells.
Aiming: Freeze (safe; 2% risk of failure)
Press: ? - help, Shift-Dir - straight line, f/p - Edmund
Aim: Edmund, wielding a +2 flail of protection and wearing a +0 leather armour (heavily wounded)
Okay, then.
It was a potion of brilliance.
You feel clever all of a sudden.
The wall freezes Edmund.
Edmund barely misses you.
Casting: Freeze (safe; 2% risk of failure)
Confirm with . or Enter, or press ? or * to list all spells.
Aiming: Freeze (safe; 2% risk of failure)
Press: ? - help, Shift-Dir - straight line, f/p - Edmund
Aim: Edmund, wielding a +2 flail of protection and wearing a +0 leather armour (heavily wounded)
You feel a surge of power!
You freeze Edmund!
Edmund is severely wounded.
* * * LOW HITPOINT WARNING * * *
The frozen ramparts melt away.
Edmund hits you with a +2 flail of protection!
You die...

.~~~....#
..♣P....#
.P~P....#
#.~.....#
##........
+.........
#......#
#.@@..#
####.?#
..# ...
##.


You could see Edmund.

Vanquished Creatures
  3 adders
  3 worms
  4 dart slugs
  7 bats
  3 endoplasms (D:1)
  6 hobgoblins
  2 jackals (D:3)
  4 kobolds
  6 quokkas
  14 ball pythons
  3 frilled lizards
  5 goblins
  11 rats
71 creatures vanquished.

Notes
Turn   | Place    | Note
-------+----------+-------------------------------------------
     0 | D:1      | leafyfresh the Djinni Ice Elementalist began the quest for
                  | the Orb.
     0 | D:1      | leafyfresh set off with the following spells memorised:
                  | Freeze, Frozen Ramparts, Ozocubu's Armour, Hailstorm.
     0 | D:1      | Reached XP level 1. HP: 15/15 MP: 0/0
   256 | D:1      | Reached XP level 2. HP: 16/21 MP: 0/0
  1042 | D:1      | Reached XP level 3. HP: 20/25 MP: 0/0
  1042 | D:1      | Learned a level 1 spell: Necrotise
  2190 | D:2      | Reached XP level 4. HP: 23/31 MP: 0/0
  3632 | D:3      | Reached XP level 5. HP: 29/35 MP: 0/0
  3632 | D:3      | Learned a level 2 spell: Searing Ray
  3855 | D:3      | Found an iron altar of Okawaru.
  3856 | D:3      | Found a hazy altar of Hepliaklqana.
  4053 | D:3      | Found Wiacse's Weapon Shoppe.
  4529 | D:4      | Noticed Edmund
  4538 | D:4      | Mangled by Edmund

Illustrated notes

Levels and vault maps discovered:
D:1:      minmay_arrival_three_doors, layout_basic
D:2:      layout_loops_ring, ebering_dispersal_statue_hall
D:3:      kennysheep_six_static_rooms, layout_basic,
          mainiacjoe_overflow_six_doors_small, gammafunk_temple_overflow_pools,
          serial_shops, nicolae_shop_window_shopping,
          chequers_serial_rivers_small_b, corexii_leaking_fountain,
          minivault_26, minmay_misc_feat_rows
D:4:      layout_gridville, mainiacjoe_overflow_paths,
          mainiacjoe_overflow_24_doors, minmay_temple_entry_mini_moons,
          serial_bayou, serial_bayou_ford_a, serial_bayou_crossing,
          serial_bayou_pond_e, serial_bayou_pond_b, gup_sewer_entry_pipe,
          minmay_misc_feat_plants, uniq_edmund

Skill      XL: |  1  2  3  4 |
---------------+-------------+-----
Dodging        | 3 4 |  4.1
Spellcasting   | 4 |  4.1
Stealth        | |  1.6

Action                   |  1- 3 |  4- 6 || total
-------------------------+-------+-------++-------
Melee: Unarmed           |    30 |       ||    30
       Whip              |     8 |    63 ||    71
       Punch             |       |     1 ||     1
       Scimitar          |       |    15 ||    15
 Cast: Freeze            |    48 |     6 ||    54
       Frozen Ramparts   |     1 |    12 ||    13
       Hailstorm         |       |     1 ||     1
       Ozocubu's Armour  |       |     1 ||     1
  Use: Scroll            |       |     2 ||     2
       Potion            |       |     1 ||     1
 Stab: Sleeping          |     3 |     2 ||     5
Armor: Robe              |    15 |     7 ||    22
Dodge: Dodged            |    49 |    63 ||   112
